Unix NetHack Version 5.0.0-0 post-release - last build Jun 10 2026 00:39:30 (3ee93aec679c4c4259841fe613dc97188e26a321,branch:main).

Game began 2026-07-07 18:45:11, ended 2026-07-07 20:50:34.

Coineanach, neutral female human Barbarian

                                     ---
                                     0..
                                     0...
                                     0...
                                     0...0000000000000
                                     0.u.Bd........+.0
                                     0...adi....)..).0
                                     0....@d.........0   ..
                                     0000000000000...0 ..0
                                                 0..)....0
                                                 0.......0
                                                 0.......0
                                                 000000000

Coineanach the Bandit      St:18/01 Dx:17 Co:18 In:7 Wi:9 Ch:7  Neutral
Dlvl:12 $:1087 HP:0(96) Pw:21(21) AC:2  Xp:9 T:10695  Burdened

Latest messages:
 You hear rumbling in the distance.
 You hear a loud crash!
 You hear a loud crash!
 You hear a loud crash!
 The wolf bites!
 You smite the wolf!
 An arrow misses you.
 You are hit by an arrow.
 The wolf bites!
 You smite the wolf!
 You miss the wolf.
 The wolf bites!
 The imp hits!
 "Come here often?"
 You smite the wolf!
 The wolf bites!
 The imp hits!
 The vial crashes on your head and breaks into shards.
 The potion called magenta 50 evaporates.
 You feel somewhat dizzy.
 You feel less confused now.
 You are hit by an arrow.
 You smell a dragon!
 An arrow misses you.
 An arrow misses you.
 The white unicorn butts!
 The white unicorn kicks!
 The white unicorn butts!
 The white unicorn kicks!
 You are hit by an arrow.
 The fire ant bites!
 The fire ant bites again!
 You avoid harm.
 The wolf bites!
 The imp hits!
 The fire ant bites!
 The fire ant bites again!
 You avoid harm.
 The imp hits!
 The fire ant bites!
 The fire ant misses!
 The wolf bites!
 The wolf bites!
 The fire ant bites!
 You die...
 Do you want your possessions identified? [ynq] (y)
 Do you want to see your attributes? [ynq] (y)
 Do you want an account of creatures vanquished? [ynaq] (y)
 Do you want to see your conduct and achievements? [ynq] (y)
 Do you want to see the dungeon overview? [ynq] (y)

Inventory:
 Coins    ('$')
  $ - 1087 gold pieces
 Weapons  (')')
  K - 12 +0 daggers (at the ready)
  Q - a +0 orcish dagger
  X - a +3 aklys
  b - a +0 axe
  v - a +0 long sword
  a - a +0 two-handed sword (weapon in hands)
 Armor    ('[')
  I - an uncursed greased +0 orcish helm (being worn)
  V - an uncursed +0 pair of iron shoes (being worn)
  f - a blessed greased +0 dwarvish cloak (being worn)
  g - an uncursed +2 mummy wrapping
  B - an uncursed +0 elven mithril-coat (being worn)
 Comestibles  ('%')
  W - an uncursed clove of garlic
  d - 4 uncursed food rations
  Y - an uncursed tripe ration
  F - an uncursed lizard corpse
 Scrolls  ('?')
  s - an uncursed scroll of amnesia
  D - an uncursed scroll of charging
  Z - 2 uncursed scrolls of earth
  x - a cursed scroll of earth
  e - an uncursed scroll of enchant weapon
  r - an uncursed scroll of genocide
  n - an uncursed scroll of gold detection
  o - 2 uncursed scrolls of identify
  p - 3 uncursed scrolls of light
  P - an uncursed scroll of magic mapping
  C - an uncursed scroll of punishment
  z - an uncursed scroll of remove curse
  L - an uncursed scroll of teleportation
 Potions  ('!')
  h - 4 uncursed potions of healing
  l - an uncursed potion of object detection
 Rings    ('=')
  G - an uncursed +1 ring of gain strength
  J - a cursed ring of hunger
  U - an uncursed +2 ring of increase damage
  A - an uncursed ring of polymorph control
  i - a blessed +1 ring of protection
  t - an uncursed ring of searching
  w - an uncursed ring of shock resistance
  S - an uncursed ring of warning
 Wands    ('/')
  O - a wand of digging (0:4)
  c - a wand of light (0:14)
  T - a wand of light (0:12)
  u - a wand of light (0:11)
  m - a wand of locking (0:3)
  y - a wand of magic missile (0:6)
  M - a cursed wand of make invisible (0:0)
  H - a wand of opening (0:6)
  N - a wand of secret door detection (0:14)
 Tools    ('(')
  R - a can of grease (0:7)
  k - an expensive camera (0:39)
  j - an uncursed oil lamp
  E - a +0 unicorn horn
 Gems/Stones  ('*')
  q - an uncursed worthless piece of yellow glass

Coineanach the Barbarian's attributes:

Background:
 You were a Bandit, a level 9 female human Barbarian.
 You were neutral, on a mission for Crom
 who was opposed by Mitra (lawful) and Set (chaotic).
 You were right-handed.
 You were in the Dungeons of Doom, on level 12, a very big room.
 You entered the dungeon 10695 turns ago.
 You had 3180 experience points, 1940 more were needed to attain level 10.

Basics:
 You had 0 out of 96 hit points.
 You had all 21 energy points (spell power).
 Your armor class was 2.
 Your wallet contained 1087 zorkmids.
 Autopickup was off.

Final Characteristics:
 Your strength was 18/01 (limit:18/100).
 Your dexterity was 17 (limit:18).
 Your constitution was 18 (limit:18).
 Your intelligence was 7 (limit:18).
 Your wisdom was 9 (limit:18).
 Your charisma was 7 (limit:18).

Final Status:
 You weren't hungry.
 You were burdened; movement was slightly slowed.
 You were wielding a two-handed sword.
 You had expert skill with two-handed sword.

Final Attributes:
 You were piously aligned.
 Your items were somewhat protected from fire.
 You were cold resistant.
 Your items were somewhat protected from cold.
 You were poison resistant.
 You were telepathic.
 You were guarded.
 Your spell casting was impaired by metallic armor.
 You were fast.
 You are dead.

Miscellaneous:
 You encountered 1 bones level.
 Total elapsed playing time was 2 hours, 5 minutes and 21 seconds.

Major events:
 Turn
    1: Coineanach the neutral female human Barbarian entered the dungeon
  491: attained the rank of Pillager (level 3)
 1582: entered the Gnomish Mines
 2195: attained the rank of Bandit (level 6)
 2899: reached Mine Town
 4548: entered Sokoban
 4914: completed 1st Sokoban level
 5413: completed 2nd Sokoban level
 5851: completed 3rd Sokoban level
 7118: completed 4th Sokoban level
10330: entered Home 1, the Quest
10660: entered the Bigroom
10695: killed by a fire ant

Spells:
 Name                 Level Category     Fail Retention
 detect monsters        1   divination   100%   26%-50%
 magic missile          2   attack       100%   51%-75%

Skills:
 Fighting Skills
   bare handed combat [Basic]
   two weapon combat  [Unskilled]
   riding             [Unskilled]
 Weapon Skills
   dagger             [Basic]
   axe                [Basic]
   pick-axe           [Unskilled]
   short sword        [Unskilled]
   broadsword         [Unskilled]
   long sword         [Unskilled]
   two-handed sword   [Expert]
   saber              [Unskilled]
   club               [Basic]
   mace               [Unskilled]
   morning star       [Unskilled]
   flail              [Unskilled]
   hammer             [Unskilled]
   quarterstaff       [Unskilled]
   spear              [Unskilled]
   trident            [Unskilled]
   bow                [Unskilled]
 Spellcasting Skills
   attack spells      [Unskilled]
   escape spells      [Unskilled]

Voluntary challenges:
 Character rerolling was not enabled.
 You never genocided any monsters.
 You never polymorphed an object.
 You never changed form.
 You used no wishes.
 You did not violate any of the special Sokoban rules.
Achievements:
 You attained the rank of Pillager.
 You entered a shop.
 You entered the Gnomish Mines.
 You attained the rank of Bandit.
 You entered Minetown.
 You entered a temple.
 You entered Sokoban.
 You entered the Big Room.

 The Dungeons of Doom: levels 1 to 12
    Level 1: "vault, spb det mon"
       Some fountains.
    Level 2:
       A scroll shop, a fountain.
    Level 3: "spb bronze, mag miss"
       Stairs down to The Gnomish Mines.
    Level 4:
       A fountain.
    Level 5:
       Many fountains.
    Level 6:
       Stairs up to Sokoban, level 5.
    Level 7: "vault"
    Level 8:
       A grave.
    Level 9:
       Some fountains.
       Final resting place for
          ptaff-Rog-Hum-Mal-Cha, killed by a human mummy.
    Level 10:
       A fountain.
    Level 11: "quest"
       Some fountains.
       Summoned by Pelias.
       Portal to The Quest.
    Level 12: <- You were here.
       A very big room.
       Final resting place for
          you, killed by a fire ant.
 The Gnomish Mines: levels 4 to 6
    Level 4:
    Level 5:
    Level 6:
       A general store, a temple and an altar, some fountains, some trees.
 The Quest:
    Level 1:
       Many trees.
       Home.
 Sokoban: levels 5 up to 2
    Level 2:
       Solved.
    Level 3:
       Solved.
    Level 4:
       Solved.
    Level 5:
       Solved.


Vanquished creatures:
  a giant mimic
  a stalker
  a small mimic
  a warhorse
  a sasquatch
  a pyrolisk
  a flaming sphere
  a gargoyle
  2 tengu
  2 human mummies
 an ettin zombie
  a leather golem
 an amorous demon
  a giant beetle
  a quivering blob
  2 cockatrices
 10 wolves
  3 winter wolf cubs
  a lynx
  a gremlin
  a spotted jelly
 an orc-captain
 an iron piercer
  a scorpion
  2 horses
  a vampire bat
  a dwarf mummy
  a rust monster
  2 owlbears
  2 yetis
  a werewolf
  2 lizards
  a chickatrice
  a white unicorn
  a dust vortex
  a plains centaur
  a snake
  a fire ant
  a bugbear
  2 imps
  a wood nymph
 an Uruk-hai
  2 rock piercers
  2 rock moles
  3 fog clouds
  6 yellow lights
  2 shriekers
  2 violet fungi
  6 gnome leaders
  3 gnomish wizards
  a kobold mummy
  2 gray oozes
  a barrow wight
 an elf zombie
  a ghoul
  a paper golem
  6 giant ants
  a floating eye
  a kitten
  9 dwarves
  2 kobold leaders
  2 kobold shamans
 17 hill orcs
  6 rothes
  a rabid rat
  a centipede
  a monkey
 an orc zombie
  4 dwarf zombies
  a wererat
  6 iguanas
  8 killer bees
  3 acid blobs
  3 coyotes
  a gas spore
  a hobbit
  3 hobgoblins
  2 giant rats
  a yellow mold
  a green mold
  2 red molds
 27 gnomes
  a garter snake
  7 geckos
  5 jackals
  5 goblins
  3 sewer rats
  4 grid bugs
  8 lichens
  a kobold zombie
 10 newts
249 creatures vanquished.

No species were genocided or became extinct.

Game over:
                       ----------
                      /          \
                     /    REST    \
                    /      IN      \
                   /     PEACE      \
                  /                  \
                  |    Coineanach    |
                  |     1087 Au      |
                  | killed by a fire |
                  |       ant        |
                  |                  |
                  |                  |
                  |       2026       |
                 *|     *  *  *      | *
        _________)/\\_//(\/(/\)/\//\/|_)_______

Goodbye Coineanach the Barbarian...

You died in The Dungeons of Doom on dungeon level 12 with 18467 points,
and 1087 pieces of gold, after 10695 moves.
You were level 9 with a maximum of 96 hit points when you died.

